 Dungeon Sprint DCSS version 0.30-a0-137-gd8773701ce (webtiles) character file.

Game seed: 1627730238753465886

1700000 howech the Severer (level 14, -26/110 HPs)
             Began as a Djinni Warper on Sept 21, 2022.
             Was a Priest of Makhleb.
             Annihilated by a meat berserker
             ... wielding a +9 battleaxe
              (53 damage)
             ... in the Dungeon (Sprint VIII: "Arena of Blood").
             The game lasted 00:01:44 (17 turns).

howech the Severer (Djinni Warper)                    Turns: 17, Time: 00:01:45

Health: -26/110    AC:  4    Str: 10    XL:     14   Next: 83%
Gold:   0          EV: 20    Int: 16    God:    Makhleb [***...] SH:  0 Dex: 17

rFire   + + .      SeeInvis .    h - +∞ Axe of Woe
rCold   x . .      Faith    .    (shield currently unavailable)
rNeg    . . .      Spirit   .    a - +0 leather armour
rPois   ∞          Reflect  .    (no helmet)
rElec   .          Harm     .    (no cloak)
rCorr   .          Rampage  .    (no gloves)
Will    +....      NoTele   +    (boots unavailable)
Stlth   +++++.....               (no amulet)
HPRegen 0.28/turn                (no ring)
MPRegen 0.00/turn                (no ring)

@: flying
A: sickness immunity, fire resistance 2, cold vulnerability 1, float, innate
caster, HP casting, extra vitality 1
a: Renounce Religion, Minor Destruction, Lesser Servant of Makhleb


You were in the Dungeon.
You worshipped Makhleb.
Makhleb was most pleased with you.
You visited 1 branch

Inventory:

Hand Weapons
 h - the +∞ Axe of Woe (weapon)
   (You found it in the Dungeon)
Missiles
 c - 7 boomerangs of dispersal (quivered)
Armour
 a - a +0 leather armour (worn)
Scrolls
 b - 2 scrolls of blinking
Potions
 d - a potion of curing
 e - a potion of heal wounds
 f - a potion of haste
 g - a potion of berserk rage


   Skills:
 + Level 13.2 Fighting
 * Level 15.3 Axes
 + Level 11.1 Throwing
 + Level 13.1 Armour
 + Level 14.3 Dodging
 + Level 12.0 Stealth
 + Level 13.2 Unarmed Combat
 + Level 10.5 Spellcasting
 + Level 13.0 Invocations


You had one spell level left.
You knew the following spells:

 Your Spells              Type           Power      Damage    Failure   Level
a - Blink                 Tloc           84%        N/A       1%          2
b - Lesser Beckoning      Tloc           42%        N/A       1%          3
c - Gell's Gravitas       Tloc           42%        N/A       1%          3
d - Teleport Other        Tloc           42%        N/A       1%          3
e - Manifold Assault      Tloc           42%        N/A       1%          4
f - Sting                 Tmut/Pois      100%       1d8       1%          1
g - Ensorcelled Hibernat  Hex/Ice        84%        N/A       1%          2
h - Ignite Poison         Fire/Tmut/Pois 42%        N/A       1%          3
i - Swiftness             Air            42%        N/A       1%          3
j - Hailstorm             Conj/Ice       42%        3d10      1%          4
k - Blade Hands           Tmut           21%        N/A       4%          5
Your spell library was empty.

Dungeon Overview and Level Annotations

Branches:
Dungeon (1/1)

Altars:
Makhleb


Innate Abilities, Weirdness & Mutations

You are immune to sickness and miasma.
You are immune to poison.
Your flesh is very heat resistant. (rF++)
You are vulnerable to cold. (rC-)
You float through the air rather than walking.
You learn spells naturally, not from books.
Your magical power is your life essence.
You have superior vitality. (+4 MHP)


Message History

A meat berserker comes into view. It is wielding a +9 battleaxe. x2
The meat berserker hits you with a +9 battleaxe!!!!
Ouch! That really hurt!
* * * LOW HITPOINT WARNING * * *
A meat berserker comes into view. It is wielding a +9 battleaxe.
The bag of meat hits you with a +9 war axe.
* * * LOW HITPOINT WARNING * * *
A bag of meat comes into view. It is wielding a +9 war axe.
You hear a shout! x3
Your Fighting skill increases to level 13!
Your Axes skill increases to level 15!
Your Throwing skill increases to level 11!
Your Armour skill increases to level 13!
Your Dodging skill increases to level 14!
Your Stealth skill increases to level 12!
Your Unarmed Combat skill increases to level 13!
Your Spellcasting skill increases to level 10!
Your Invocations skill increases to level 13!
A large bag of meat comes into view. It is wielding a +9 giant spiked club.
Unknown command.
Unknown command.
The bag of meat shouts!
You slash the bag of meat!
You pulverise the bag of meat into a thin bloody mist.
You kill the bag of meat!
Makhleb accepts your kill.
You feel better.
You slash the meat berserker!
You pulverise the meat berserker into a thin bloody mist.
You kill the meat berserker!
Makhleb accepts your kill.
You can now summon a lesser servant of Makhleb.
You slice the meat berserker!!
You hew the meat berserker savagely.
You kill the meat berserker!
Makhleb accepts your kill.
You hear a shout! x3
The meat berserker rages.
You hear a shout! x8
A bag of meat comes into view. It is wielding a +9 war axe. x3
The meat berserker hits you with a +9 battleaxe!!!
You die...

#......###... ..###.
o............###......
......#........_......
o...#.......#.)...#
##o.........#_.<._#
....#...o...#o....#.
......#o.o)...._......
.....OO))..)o.###......
.......@o###.......###.
.O.........#.......#
...........#.......#
..#....oo...........
.#.#.#O..o.O........ .o
.#...o........... .
.#.#.OO.o.... .#
o..o.#....


You could see a large bag of meat (inner flame), 6 meat berserkers and 17 bags
of meat.

Vanquished Creatures
  3 ogres (D)
  6 orcs (D)
9 creatures vanquished.

Notes
Turn   | Place    | Note
-------+----------+-------------------------------------------
     0 | D        | Found the +∞ Axe of Woe
     0 | D        | howech the Djinni Warper began the quest for the Orb.
     0 | D        | howech set off with the following spells memorised: Blink,
                  | Lesser Beckoning, Gell's Gravitas, Teleport Other, Manifold
                  | Assault.
     0 | D        | Reached XP level 1. HP: 18/18 MP: 0/0
     2 | D        | Noticed a bag of meat
     3 | D        | Became a worshipper of Makhleb the Destroyer
     4 | D        | Killed a bag of meat
     5 | D        | Reached skill level 10 in Axes
     5 | D        | Reached XP level 2. HP: 33/33 MP: 0/0
     5 | D        | Reached XP level 3. HP: 38/38 MP: 0/0
     5 | D        | Learned a level 1 spell: Sting
     5 | D        | Reached XP level 4. HP: 44/44 MP: 0/0
     5 | D        | Reached XP level 5. HP: 49/49 MP: 0/0
     5 | D        | Learned a level 2 spell: Ensorcelled Hibernation
     5 | D        | Reached XP level 6. HP: 55/55 MP: 0/0
     5 | D        | Reached XP level 7. HP: 60/60 MP: 0/0
     5 | D        | Learned a level 3 spell: Ignite Poison
     5 | D        | Reached XP level 8. HP: 66/66 MP: 0/0
     5 | D        | Reached XP level 9. HP: 71/71 MP: 0/0
     5 | D        | Learned a level 3 spell: Swiftness
     5 | D        | Reached XP level 10. HP: 77/77 MP: 0/0
     5 | D        | Reached XP level 11. HP: 82/82 MP: 0/0
     5 | D        | Learned a level 4 spell: Hailstorm
     5 | D        | Noticed a bag of meat
     5 | D        | Noticed a bag of meat
     5 | D        | Noticed a bag of meat
     6 | D        | Noticed a bag of meat
     6 | D        | Noticed a bag of meat
     9 | D        | Killed a bag of meat
     9 | D        | Reached * piety under Makhleb
     9 | D        | Noticed a bag of meat
     9 | D        | Noticed a meat berserker
     9 | D        | Noticed a bag of meat
    10 | D        | Reached skill level 10 in Fighting
    10 | D        | Reached skill level 11 in Axes
    10 | D        | Reached skill level 10 in Dodging
    10 | D        | Reached skill level 10 in Unarmed Combat
    10 | D        | Reached XP level 12. HP: 44/91 MP: 0/0
    10 | D        | Killed a bag of meat
    10 | D        | Noticed a bag of meat
    11 | D        | Reached skill level 12 in Axes
    11 | D        | Reached skill level 10 in Armour
    11 | D        | Reached skill level 10 in Invocations
    11 | D        | Reached XP level 13. HP: 48/98 MP: 0/0
    11 | D        | Learned a level 5 spell: Blade Hands
    11 | D        | Killed a bag of meat
    11 | D        | Killed a bag of meat
    11 | D        | Reached ** piety under Makhleb
    11 | D        | Noticed a bag of meat
    11 | D        | Noticed a bag of meat
    12 | D        | Reached skill level 14 in Axes
    12 | D        | Reached skill level 10 in Throwing
    12 | D        | Reached XP level 14. HP: 83/107 MP: 0/0
    12 | D        | Noticed a meat berserker
    12 | D        | Noticed a bag of meat
    13 | D        | Noticed a meat berserker
    14 | D        | Noticed a meat berserker
    14 | D        | Noticed a meat berserker
    14 | D        | Noticed a meat berserker
    15 | D        | Noticed a bag of meat
    15 | D        | Noticed a bag of meat
    15 | D        | Noticed a bag of meat
    15 | D        | Noticed a bag of meat
    15 | D        | Noticed a bag of meat
    15 | D        | Noticed a bag of meat
    15 | D        | Noticed a meat berserker
    16 | D        | Noticed a bag of meat
    16 | D        | Killed a meat berserker
    16 | D        | Noticed a bag of meat
    16 | D        | Noticed a meat berserker
    16 | D        | Noticed a meat berserker
    16 | D        | Noticed a meat berserker
    16 | D        | HP: 2/107 [bag of meat/+9 war axe (6)]
    16 | D        | Noticed a bag of meat
    17 | D        | Reached skill level 15 in Axes
    17 | D        | Reached skill level 10 in Spellcasting
    17 | D        | Noticed a large bag of meat
    17 | D        | Killed a bag of meat
    17 | D        | Killed a meat berserker
    17 | D        | Reached *** piety under Makhleb
    17 | D        | Killed a meat berserker
    17 | D        | Noticed a bag of meat
    17 | D        | Noticed a bag of meat
    17 | D        | Noticed a bag of meat
    17 | D        | Annihilated by a meat berserker

Illustrated notes

Levels and vault maps discovered:
D:        meatsprint

Skill      XL: |  1  2  3  4  5  6  7  8  9 10 11 12 13 14 |
---------------+-------------------------------------------+-----
Fighting       | 8 10 12 13 | 13.2
Axes           | 10 11 12 14 15 | 15.3
Throwing       | 7 8 9 10 11 | 11.1
Armour         | 8 9 10 12 13 | 13.1
Dodging        | 9 10 11 13 14 | 14.3
Stealth        | 7 8 9 11 12 | 12.0
Unarmed Combat | 8 10 12 13 | 13.2
Spellcasting   | 6 7 8 9 10 | 10.5
Invocations    | 8 9 10 12 13 | 13.0

Action                   |  1- 3 |  4- 6 |  7- 9 | 10-12 | 13-15 || total
-------------------------+-------+-------+-------+-------+-------++-------
Melee: Executioner's axe |     1 |       |       |     2 |     3 ||     6

Table legend: (Time is in decaauts)
 A = Elapsed time spent in this place.
 B = Non-inter-level travel time spent in this place.
 C = Inter-level travel time spent in this place.
 D = Time resting spent in this place.
 E = Time spent auto-exploring this place.
 F = Levels seen in this place.
 G = Mean time per level.
                   A        B        C        D        E       F      G
               +--------+--------+--------+--------+--------+-----+--------+
         Total |     18 |     18 |      0 |      0 |      0 |   1 |   18.0 |
       Dungeon |     18 |     18 |      0 |      0 |      0 |   1 |   18.0 |
               +--------+--------+--------+--------+--------+-----+--------+

Top non-repeatable levels by time:
       D: 18 daAuts
